 Dungeon Crawl Stone Soup version 0.30.0-5-g1a98f26d00 (webtiles) character file.

Game seed: 6824822829579197118

12126 bmack86 the Cleaver (level 11, -14/97 HPs)
             Began as a Minotaur Fighter on May 8, 2023.
             Was a High Priest of Okawaru.
             Killed from afar by an ironbound thunderhulk (23 damage)
             ... with a bolt of lightning
             ... summoned by a worldbinder
             ... summoned by an orange crystal statue
             ... in a Gauntlet.
             The game lasted 00:30:02 (10238 turns).

bmack86 the Cleaver (Minotaur Fighter)             Turns: 10238, Time: 00:30:03

Health: -14/97     AC: 36    Str: 29      XL:     11   Next: 58%
Magic:  1/13       EV:  7    Int:  1 (7)  God:    Okawaru [*****.]
Gold:   528        SH:  0    Dex:  9      Spells: 10/10 levels left

rFire   + + .        u - +6 war axe "Woedicon" {drain, rF++}
rCold   . . .        c - +1 buckler
rNeg    . . .        A - +10 plate armour {ponderous}
rPois   .            (helmet restricted)
rElec   .            e - +2 cloak
rCorr   .            v - +0 pair of gloves of Mezcal {Int+3}
SInv    .            J - +2 pair of boots
Will    .....        (no amulet) Stlth
                     (no ring)
HPRegen 1.16/turn    (no ring)
MPRegen 0.13/turn

%: no teleportation
@: confused, unable to drink, slow
A: horns 2, retaliatory headbutt, iridescent scales 2, low MP 1, regeneration 1,
strong 1, subdued magic 1, inability to drink after injury 1
a: Renounce Religion, Heroism, Finesse, Duel


You were in a Gauntlet.
You worshipped Okawaru.
Okawaru was extremely pleased with you.
You visited 2 branches of the dungeon, and saw 13 of its levels.
You also visited: Sewer, Ossuary, Bailey and Gauntlet.

You collected 681 gold pieces.
You spent 153 gold pieces at shops.

Inventory:

Hand Weapons
 n - a +3 war axe of distortion
 u - the +6 war axe "Woedicon" (weapon) {drain, rF++}
   (You bought it in a shop on level 5 of the Dungeon)

   rF:        It greatly protects you from fire.
Missiles
 g - 44 poisoned darts (quivered)
 w - 5 javelins
 D - 5 silver javelins
 H - a curare-tipped dart
Armour
 c - a +1 buckler (worn)
 e - a +2 cloak (worn)
 v - the +0 pair of gloves of Mezcal (worn) {Int+3}
   (You found it on level 5 of the Dungeon)

   Int:       It affects your intelligence (+3).
 A - a +10 plate armour of ponderousness (worn)
 J - a +2 pair of boots (worn)
Jewellery
 G - a ring of fire
Wands
 r - a wand of flame (24)
 E - a wand of iceblast (19)
 I - a wand of paralysis (3)
Scrolls
 a - a scroll of identify
 b - a scroll of fog
 j - a scroll of enchant armour
 k - 2 scrolls of enchant weapon
 x - 5 scrolls of teleportation
 y - 2 scrolls of fear
 F - a scroll of blinking
Potions
 d - 3 potions of might
 f - 6 potions of curing
 i - 2 potions of cancellation
 l - 8 potions of flight
 m - 9 potions of heal wounds
 p - 5 potions of mutation
 q - 3 potions of brilliance
 t - 2 potions of haste
 z - a potion of resistance
 B - 3 potions of invisibility
 C - 2 potions of magic


   Skills:
 + Level 9.4 Fighting
 * Level 12.2 Axes
 + Level 6.8 Throwing
 + Level 9.2 Armour
 + Level 9.2 Shields
 + Level 6.8 Invocations


You had 10 spell levels left.
You didn't know any spells.
Your spell library contained the following spells:

 Spells                   Type           Power      Damage    Failure   Level
 Apportation              Tloc           0%         N/A       99%         1
 Freeze                   Ice            0%         1d3       99%         1
 Kiss of Death            Conj/Necr      0%         2d5       99%         1
 Poisonous Vapours        Pois/Air       0%         N/A       100%        2
 Sublimation of Blood     Necr           0%         N/A       100%        2
 Confusing Touch          Hex            0%         N/A       100%        3
 Frozen Ramparts          Ice            0%         1d1       100%        3
 Hailstorm                Conj/Ice       0%         3d3       100%        3
 Mephitic Cloud           Conj/Pois/Air  0%         N/A       100%        3
 Stone Arrow              Conj/Erth      0%         3d7       100%        3
 Cause Fear               Hex            0%         N/A       100%        4
 Dispel Undead            Necr           0%         3d6       100%        4
 Ice Form                 Ice/Tmut       0%         N/A       100%        4
 Petrify                  Tmut/Erth      0%         N/A       100%        4
 Alistair's Intoxication  Tmut/Pois      0%         N/A       100%        5
 Freezing Cloud           Conj/Ice/Air   0%         6-21      100%        5
 Irradiate                Conj/Tmut      0%         3d11      100%        5
 Dragon Form              Tmut           0%         N/A       100%        7
 Lehudib's Crystal Spear  Conj/Erth      0%         10d2      100%        8
 Animate Armour           Summ/Erth      Unusable   N/A       N/A         4
 Simulacrum               Ice/Necr       Unusable   N/A       N/A         6
 Dragon's Call            Summ           Unusable   N/A       N/A         9

Dungeon Overview and Level Annotations

Branches:
Dungeon (12/15)            Temple (1/1) D:6            Lair (0/5) D:9
    Orc (0/2) D:12          Sewer (visited)         Ossuary (visited)
 Bailey (visited)         Gauntlet (1/1)

Altars:
Dithmenos
Elyvilon
Fedhas
Hepliaklqana
Nemelex Xobeh
Okawaru
The Shining One

Shops:
D:5 (   D:6 *   D:8 :

Annotations:
Gauntlet 16 runed translucent doors, 11 transporters, exclusions: ice statue, obsidian statue and orange crystal statue


Innate Abilities, Weirdness & Mutations

You have a pair of horns on your head.
You reflexively headbutt those who attack you in melee.
You are mostly covered in iridescent scales. (AC +4)
Your magical capacity is low. (-10% MP)
Your natural rate of healing is unusually fast.
Your muscles are strong. (Str +4, Int/Dex -1)
Your spells are a little easier to cast, but a little less powerful.
You occasionally lose the ability to drink potions when taking damage.


Message History

The brown very ugly thing is lightly wounded.
You slash the wolf!
You kill the wolf!
The wolf's corpse dissolves into shadows!
You slash the worldbinder!
The ironbound thunderhulk disappears in a puff of smoke!
The worldbinder hits you but does no damage. x2
The brown very ugly thing engulfs you but does no damage.
You hit the brown very ugly thing. You drain the brown very ugly thing.
The brown very ugly thing is moderately wounded.
You slash the ynoxinul! You hit the worldbinder.
Strange energies crackle from the ironbound thunderhulk's apparatus.
The ironbound thunderhulk blinks!
The worldbinder calls forth creatures from the Vaults!
The orange crystal statue fixes its piercing gaze on you.
You feel dopey. Something feeds on your intellect!
The ynoxinul hits you but does no damage.
The brown very ugly thing closely misses you.
You slash the brown very ugly thing! You drain the brown very ugly thing.
The brown very ugly thing is moderately wounded.
You closely miss the ynoxinul. You hit the worldbinder.
The brown very ugly thing disappears in a puff of smoke!
The worldbinder hits you but does no damage.
The worldbinder closely misses you.
The ynoxinul gestures.
The worldbinder barely misses you.
The worldbinder hits you but does no damage.
You're too confused to move!
The orange crystal statue glitters.
The worldbinder hits you but does no damage. x2
Unknown command.
You miss the green very ugly thing.
You closely miss the red very ugly thing.
You hit the worldbinder.
The worldbinder hits you but does no damage.
The worldbinder barely misses you.
Electricity crackles from the ironbound thunderhulk's apparatus.
The bolt of lightning hits you!!
You die...

# ### ### ### ### ### ### #
#8# #8# #8# #8# #8# #8#
##########################
.........≈§§§...........≈###
...©.....§..§....©.......#8#
#########...###########..###
.......D#...#..+@u5+..#..#
........#.∩.#..+ux3+..#..###
#######.#...#++#5#5#++#..#8#
.#.#.#.##...#..+...+..#..###
...©....#...#..+...+..#..#
#.#.#.#.#...#++#O..#++#..###
#######.#...#..#'''#..#..#8#
^.....^.#...#....8....#..###
.?=©....#...#...?©)[..#..#


You could see 2 very ugly things, an ironbound thunderhulk (summoned), an orange
crystal statue, a worldbinder (summoned), a ynoxinul (summoned) and 3 ufetubi.

Vanquished Creatures
  A boulder beetle (D:11)
  3 two-headed ogres
  An orc knight (Bailey)
  A cyclops (D:12)
  Joseph (D:8)
  Maurice (D:12)
  2 komodo dragons
  A kobold demonologist (D:10)
  3 trolls
  Grinder (D:3)
  8 yaks
  A wyvern (D:11)
  A wraith (D:10)
  A steam dragon (D:8)
  Menkaure (D:4)
  An acid dragon (D:9)
  7 orc warriors
  An ice beast (D:5)
  2 black bears
  2 sky beasts
  6 ogres
  3 centaurs
  4 kobold brigands
  A phantom (D:6)
  An elf zombie (Ossuary)
  Blork the orc (D:4)
  5 bullfrogs
  A gnoll sergeant (D:7)
  4 scorpions
  6 wights
  3 killer bees (D:9)
  2 howler monkeys
  3 centaur zombies (Ossuary)
  5 orc priests
  3 hounds
  2 gnoll boudas
  6 iguanas
  2 jellies
  3 sleepcaps
  Natasha (thrice) (D:4)
  5 orc wizards
  A hound zombie (Ossuary)
  3 mummies (Ossuary)
  5 adders
  21 gnolls
  3 river rats
  A shadow imp (D:7)
  4 ufetubi
  8 adder zombies (Ossuary)
  3 worms
  3 dart slugs
  50 orcs
  3 bats
  3 endoplasms
  3 giant cockroaches
  2 gnoll zombies (Ossuary)
  10 goblins
  4 hobgoblins
  9 jackals
  17 kobolds
  5 quokkas
  7 ball pythons
  3 frilled lizards
  3 goblin zombies (Ossuary)
  3 hobgoblin zombies (Ossuary)
  5 jackal zombies (Ossuary)
  A kobold zombie (Ossuary)
  4 quokka zombies (Ossuary)
  23 rats
  3 rat zombies (Ossuary)
319 creatures vanquished.

Notes
Turn   | Place    | Note
-------+----------+-------------------------------------------
     0 | D:1      | bmack86 the Minotaur Fighter began the quest for the Orb.
     0 | D:1      | Reached XP level 1. HP: 19/19 MP: 0/0
   102 | D:1      | Reached XP level 2. HP: 19/27 MP: 1/1
   190 | D:1      | Reached skill level 3 in Axes
   460 | D:1      | Reached XP level 3. HP: 33/33 MP: 2/2
  1057 | D:3      | Reached XP level 4. HP: 22/40 MP: 3/3
  1188 | D:3      | Reached skill level 4 in Axes
  1212 | D:3      | Found an iron altar of Okawaru.
  1215 | D:3      | Became a worshipper of Warmaster Okawaru
  1435 | D:3      | Noticed Grinder
  1446 | D:3      | Killed Grinder
  1446 | D:3      | Reached * piety under Okawaru
  1447 | D:3      | Reached skill level 1 in Throwing
  1447 | D:3      | Reached skill level 1 in Invocations
  1447 | D:3      | Reached XP level 5. HP: 34/47 MP: 3/5
  1447 | D:3      | Reached XP level 6. HP: 38/53 MP: 3/6
  1840 | D:4      | Noticed Menkaure
  1849 | D:4      | Killed Menkaure
  1849 | D:4      | Reached ** piety under Okawaru
  1850 | D:4      | Reached skill level 5 in Axes
  1897 | D:4      | Reached skill level 5 in Armour
  1974 | D:4      | Reached skill level 5 in Fighting
  1974 | D:4      | Reached skill level 5 in Shields
  1974 | D:4      | Reached XP level 7. HP: 61/61 MP: 7/7
  2111 | D:4      | Noticed Blork the orc
  2125 | D:4      | Killed Blork the orc
  2343 | D:4      | Found a shadowy altar of Dithmenos.
  2343 | D:4      | Noticed Natasha
  2350 | D:4      | Killed Natasha
  2704 | D:4      | Noticed Natasha
  2711 | D:4      | Killed Natasha
  2712 | D:4      | Reached skill level 6 in Axes
  2721 | D:4      | Noticed Natasha
  2729 | D:4      | Killed Natasha
  2756 | D:5      | Entered Level 5 of the Dungeon
  2768 | D:5      | Reached *** piety under Okawaru
  2944 | D:5      | Reached XP level 8. HP: 69/69 MP: 7/9
  2970 | D:5      | Found a white marble altar of Elyvilon.
  3162 | D:5      | Found Kenwegun's Antique Weapon Boutique.
  3167 | D:5      | Bought a fine war axe for 153 gold pieces
  3167 | D:5      | Identified the +6 war axe "Woedicon" {drain, rF++} (You
                  | bought it in a shop on level 5 of the Dungeon)
  3180 | D:5      | Identified the +5 flail of Fym Xolobov {freeze, +Blink rF+
                  | rN+ Int+2}
  3519 | D:5      | Reached skill level 7 in Axes
  3523 | D:5      | Received a gift from Okawaru
  3701 | D:5      | Identified the +0 pair of gloves of Mezcal {Int+3}
  3840 | D:6      | Found a staircase to the Ecumenical Temple.
  3844 | D:6      | Found a glowing drain.
  3867 | Sewer    | Entered a sewer
  3952 | Sewer    | Found a glowing silver altar of Zin.
  4115 | D:6      | Found a sand-covered staircase.
  4120 | Ossuary  | Entered an ossuary
  4177 | Ossuary  | Reached **** piety under Okawaru
  4191 | Ossuary  | Reached skill level 8 in Axes
  4337 | Ossuary  | Reached XP level 9. HP: 75/78 MP: 10/10
  4406 | Ossuary  | Gained mutation: Your body sometimes deteriorates upon
                  | taking damage. [potion of mutation]
  4406 | Ossuary  | Gained mutation: You are robust. (+10% HP) [potion of
                  | mutation]
  4406 | Ossuary  | Gained mutation: You are partially covered in iridescent
                  | scales. (AC +2) [potion of mutation]
  4406 | Ossuary  | Gained mutation: You have a pair of large horns on your
                  | head. [potion of mutation]
  4407 | Ossuary  | Lost mutation: Your body sometimes deteriorates upon taking
                  | damage. [potion of mutation]
  4407 | Ossuary  | Lost mutation: You have a pair of large horns on your head.
                  | [potion of mutation]
  4407 | Ossuary  | Lost mutation: You are robust. (+10% HP) [potion of
                  | mutation]
  4407 | Ossuary  | Gained mutation: Your muscles are strong. (Str +4, Int/Dex
                  | -1) [potion of mutation]
  4407 | Ossuary  | Gained mutation: You are mostly covered in iridescent
                  | scales. (AC +4) [potion of mutation]
  4407 | Ossuary  | Gained mutation: Your natural rate of healing is unusually
                  | fast. [potion of mutation]
  4659 | Temple   | Entered the Ecumenical Temple
  4705 | D:6      | Found Seerchui's General Store.
  4717 | D:6      | You fall into a shaft and drop 1 floor!
  4819 | D:7      | Received a gift from Okawaru
  4833 | D:7      | Reached skill level 9 in Axes
  5651 | D:8      | Reached ***** piety under Okawaru
  5652 | D:8      | Reached skill level 5 in Throwing
  5724 | D:8      | Found Vamuthyv's Self-Improvement Boutique.
  5787 | D:8      | Found a flagged portal.
  5804 | Bailey   | Entered a bailey
  6018 | Bailey   | Noticed an orc knight
  6031 | Bailey   | Killed an orc knight
  6032 | Bailey   | Reached skill level 5 in Invocations
  6032 | Bailey   | Reached XP level 10. HP: 56/88 MP: 4/12
  6320 | D:8      | Noticed Joseph
  6332 | D:8      | Killed Joseph
  6333 | D:8      | Reached skill level 10 in Axes
  6659 | D:8      | Found a sparkling altar of Nemelex Xobeh.
  6799 | D:9      | Noticed a two-headed ogre
  6809 | D:9      | Killed a two-headed ogre
  6809 | D:9      | Received a gift from Okawaru
  7077 | D:9      | Found a staircase to the Lair.
  7528 | D:10     | Entered Level 10 of the Dungeon
  7613 | D:10     | Noticed a two-headed ogre
  7625 | D:10     | Killed a two-headed ogre
  7625 | D:10     | Received a gift from Okawaru
  7625 | D:10     | Noticed a soul eater
  7626 | D:10     | Reached skill level 11 in Axes
  7663 | D:10     | Found a glowing golden altar of the Shining One.
  7663 | D:10     | Found a hazy altar of Hepliaklqana.
  7773 | D:10     | Reached XP level 11. HP: 95/95 MP: 14/14
  8032 | D:10     | Received a gift from Okawaru
  8681 | D:11     | Noticed a boulder beetle
  8700 | D:11     | Killed a boulder beetle
  8700 | D:11     | Identified the +3 executioner's axe of the Apocalypse
                  | {flame, *Rage rElec Int+4} (Okawaru gifted it to you on
                  | level 11 of the Dungeon)
  8700 | D:11     | Received a gift from Okawaru
  8990 | D:11     | Noticed a two-headed ogre
  8997 | D:11     | Killed a two-headed ogre
  9148 | D:11     | Found a blossoming altar of Fedhas.
  9629 | D:12     | Reached skill level 12 in Axes
  9757 | D:12     | Found a staircase to the Orcish Mines.
  9818 | D:12     | Noticed Maurice
  9828 | D:12     | Killed Maurice
  9856 | D:12     | Found a gate leading to a gauntlet.
  9864 | Gauntlet | Entered a Gauntlet
  9864 | Gauntlet | Noticed an orange crystal statue
  9864 | Gauntlet | Found a large runed translucent door.
  9864 | Gauntlet | Found a large runed translucent door.
  9864 | Gauntlet | Found a large runed translucent door.
  9864 | Gauntlet | Found a large runed translucent door.
  9864 | Gauntlet | Found a runed translucent door.
  9864 | Gauntlet | Found a large runed translucent door.
  9864 | Gauntlet | Found a large runed translucent door.
  9864 | Gauntlet | Found a transporter.
  9864 | Gauntlet | Found a transporter.
  9864 | Gauntlet | Found a large runed translucent door.
  9864 | Gauntlet | Found a large runed translucent door.
  9864 | Gauntlet | Found a runed translucent gate.
  9864 | Gauntlet | Found a runed translucent gate.
  9864 | Gauntlet | Found a transporter.
  9875 | Gauntlet | Found a transporter.
  9903 | Gauntlet | Found a transporter.
  9915 | Gauntlet | Found a transporter.
  9933 | Gauntlet | Found a transporter.
  9947 | Gauntlet | Found a transporter.
  9956 | Gauntlet | Found a transporter.
  9981 | Gauntlet | Found a transporter.
 10012 | Gauntlet | Found a transporter.
 10013 | Gauntlet | Found a runed translucent gate.
 10013 | Gauntlet | Found a runed translucent door.
 10025 | Gauntlet | Found a large runed translucent door.
 10025 | Gauntlet | Found a large runed translucent door.
 10025 | Gauntlet | Found a large runed translucent door.
 10025 | Gauntlet | Found a large runed translucent door.
 10026 | Gauntlet | Found a large runed translucent door.
 10026 | Gauntlet | Found a large runed translucent door.
 10027 | Gauntlet | Found a large runed translucent door.
 10027 | Gauntlet | Found a large runed translucent door.
 10053 | Gauntlet | Noticed an obsidian statue
 10054 | Gauntlet | Found a transporter.
 10124 | Gauntlet | Noticed a catoblepas
 10174 | Gauntlet | Noticed a shining eye
 10186 | Gauntlet | Gained mutation: Your magical capacity is low. (-10% MP) [a
                  | shining eye]
 10189 | Gauntlet | Gained mutation: You occasionally lose the ability to drink
                  | potions when taking damage. [a shining eye]
 10192 | Gauntlet | Gained mutation: Your spells are a little easier to cast,
                  | but a little less powerful. [a shining eye]
 10206 | Gauntlet | Noticed a white very ugly thing
 10206 | Gauntlet | Noticed a cyan very ugly thing
 10224 | Gauntlet | Noticed an ironbound thunderhulk
 10226 | Gauntlet | Noticed an ironbound thunderhulk
 10226 | Gauntlet | Noticed a brown very ugly thing
 10226 | Gauntlet | Noticed an ironbound thunderhulk
 10233 | Gauntlet | HP: 4/97 [acid[an orange crystal statue] (6)]
 10236 | Gauntlet | Noticed a green very ugly thing
 10236 | Gauntlet | Noticed a red very ugly thing
 10238 | Gauntlet | Killed from afar by an ironbound thunderhulk

Illustrated notes

Levels and vault maps discovered:
D:1:      onia_arrival_pyramid, layout_loops_cross
D:2:      layout_basic, serial_glass, glass_columns_b, glass_columns_b,
          chequers_serial_rivers_micro_d
D:3:      layout_loops_ring, okawaru_trees_2, uniq_grinder
D:4:      layout_gridville, nicolae_dithmenos_the_darkroom, minmay_rat_hole,
          uniq_blork_the_orc, uniq_menkaure, uniq_natasha
D:5:      layout_loops_ring, elyvilon_altar_5, serial_shops, shop,
          corexii_leaking_fountain, minmay_checkerbox
D:6:      layout_loops_cross, minmay_temple_entry_ruins, enter_ossuary_2,
          serial_shops, shop, cheibrodos_sewer_entry_sluice
D:7:      layout_loops_ring, kennysheep_generic_room_4
D:8:      layout_basic, general_overflow_altar, enter_bailey_3,
          nicolae_shop_self_help, uniq_joseph
D:9:      layout_basic, grunt_lair_entry_orc_guard_hut
D:10:     layout_cave_pods, jmf_multi_god_temple, minmay_hedge_maze
D:11:     layout_stronghold, fedhas_altar_2
D:12:     layout_gridville, david_orc_4, gauntlet_entry_generic, uniq_josephine,
          uniq_lodul, uniq_maurice
Temple:   regret_index_temple_sphere_string
Gauntlet: gammafunk_gauntlet_shortcut
          [minmay_gauntlet_arena_make_your_own_arena,
          nicolae_gauntlet_arena_flowing_pool, gammafunk_gauntlet_arena_teeth,
          gammafunk_gauntlet_arena_arrow_garden, nicolae_gauntlet_swirl,
          nicolae_gauntlet_arena_x, gauntlet_exit_watery]

Skill      XL: |  1  2  3  4  5  6  7  8  9 10 11 |
---------------+----------------------------------+-----
Axes           | 3 4 5 6 8 9 11 12 | 12.2
Shields        | 4 5 6 7 8 9 |  9.2
Armour         | 4 5 6 7 8 9 |  9.2
Fighting       | 4 5 6 7 8 9 |  9.4
Throwing       | 1 2 3 4 5 6 |  6.8
Invocations    | 1 2 3 5 6 |  6.8

Action                     |  1- 3 |  4- 6 |  7- 9 | 10-12 || total
---------------------------+-------+-------+-------+-------++-------
  Melee: War axe           |    65 |    74 |   352 |   246 ||   737
         Headbutt          |     3 |    12 |    51 |    41 ||   107
  Throw: Dart              |       |       |     4 |       ||     4
 Invoke: Heroism           |       |       |     2 |     5 ||     7
         Finesse           |       |       |     1 |     1 ||     2
    Use: Scroll            |     9 |     2 |    12 |     7 ||    30
         Potion            |       |       |     2 |     1 ||     3
 Armour: Scale mail        |    34 |     6 |       |       ||    40
         Chain mail        |       |    25 |     7 |       ||    32
         Plate armour      |       |       |   232 |   281 ||   513
  Dodge: Dodged            |    33 |    37 |   155 |   110 ||   335
  Block: Buckler           |    17 |    28 |   118 |    67 ||   230
